Map: Ciudad Esmeralda EE

Players

Thegreatest

  • Race: Terran Terran
  • Spawn Location: 11:00

ekimal

  • Race: Zerg Zerg
  • Spawn Location: 11:00

MrFercho - Winner!

  • Race: Zerg Zerg
  • Spawn Location: 5:00

tigro - Winner!

  • Race: Terran Terran
  • Spawn Location: 5:00

VOD

Have the link to the VOD?

Description

Time

  • Played on: June 9, 2020, 10:17 p.m.
  • Length: 9:10
Show
View Real Time Build Order
Export as new Build Order

Thegreatest Terran 

Build Orders:  

Get SALT Encoding   

  12  0:01  SCV  
  13  0:13  SCV  
  14  0:23  Supply Depot  
  14  0:25  SCV  
  15  0:44  SCV  
  15  0:46  Barracks  
  16  0:53  Refinery  
  16  0:56  SCV  
  17  1:00  Refinery  
  17  1:09  SCV  
  18  1:21  SCV  
  19  1:26  Supply Depot  
  19  1:33  SCV  
  20  1:41  Factory  
  20  1:45  SCV  
  21  1:57  SCV  
  22  2:09  SCV  
  23  2:20  Barracks Reactor  
  23  2:21  SCV  
  24  2:27  Armory  
  24  2:32  Factory Tech Lab  
  24  2:33  SCV  
  25  2:45  SCV  
  26  2:58  Widow Mine  
  27  3:13  Command Center  
  27  3:21  Drilling Claws  
  27  3:30  Widow Mine  
  30  3:34  SCV  
  30  3:44  Supply Depot  
  30  3:48  Orbital Command  
  30  4:07  Widow Mine  
  32  4:25  SCV  
  33  4:33  Widow Mine  
  33  4:35  SCV  
  33  4:36  Supply Depot  
  36  4:48  SCV x2  
  38  4:55  Factory  
  38  4:57  Widow Mine  
  40  5:00  SCV  
  40  5:02  Factory  
  40  5:03  Supply Depot  
  40  5:04  Supply Depot  
  41  5:19  Widow Mine  
  43  5:23  SCV x2  
  45  5:29  Terran Vehicle And Ship Armor Level 1  
  45  5:35  Supply Depot, SCV x2  
  46  5:36  Supply Depot  
  47  5:46  Refinery  
  47  5:47  SCV  
  47  5:48  SCV  
  49  5:56  Factory Reactor  
  47  5:59  Engineering Bay, SCV  
  47  6:01  Factory  
  47  6:03  SCV  
  49  6:12  SCV  
  50  6:31  Widow Mine  
  50  6:32  Widow Mine x2  
  56  6:35  Orbital Command  
  56  6:36  Refinery  
  56  6:41  Command Center  
  56  6:47  SCV  
  57  6:56  Hi-Sec Auto Tracking  
  57  7:00  SCV  
  58  7:03  Widow Mine x5  
  58  7:04  Widow Mine  
  58  7:07  Supply Depot  
  58  7:08  SCV  
  71  7:12  SCV  
  72  7:20  SCV  
  73  7:24  SCV  
  74  7:32  SCV  
  74  7:33  Factory Reactor, Widow Mine  
  74  7:34  Widow Mine  
  74  7:35  Widow Mine x3  
  85  7:40  SCV  
  85  7:43  Command Center  
  86  7:54  Widow Mine  
  88  8:00  Widow Mine x3  
  88  8:01  Widow Mine  
  96  8:14  Widow Mine x2  
  96  8:15  Widow Mine  
  102  8:21  Widow Mine  
  102  8:22  Widow Mine x3  
  110  8:28  SCV  
  110  8:29  SCV  
  110  8:30  SCV  
  113  8:35  Supply Depot, Widow Mine  
  113  8:36  Widow Mine  
  113  8:37  Widow Mine  
  119  8:40  SCV  
  119  8:41  SCV  
  119  8:42  SCV  
  119  8:43  Widow Mine  
Show
View Real Time Build Order
Export as new Build Order

ekimal Zerg 

Build Orders: Hatch First 

Get SALT Encoding   

  12  0:04  Drone  
  13  0:14  Overlord  
  13  0:20  Drone  
  14  0:32  Drone x2  
  16  0:38  Drone  
  17  0:48  Drone  
  18  0:59  Hatchery  
  17  1:06  Drone  
  17  1:10  Drone  
  19  1:17  Spawning Pool  
  18  1:21  Extractor, Drone  
  18  1:31  Drone  
  19  1:47  Drone  
  19  1:53  Overlord  
  20  2:07  Zergling x2  
  21  2:10  Queen  
  21  2:13  Zergling x2, Queen  
  21  2:14  Zergling x2  
  28  2:22  Zergling x2  
  28  2:23  Metabolic Boost  
  28  2:25  Zergling x2  
  29  2:30  Spore Crawler  
  28  2:39  Zergling x4  
  30  3:00  Lair  
  29  3:26  Overlord, Drone x4  
  29  3:27  Overlord x3  
  33  3:47  Drone x3  
  33  3:48  Drone x2  
  32  4:34  Drone x5  
  32  4:38  Roach Warren  
  36  4:44  Extractor  
  35  4:46  Drone x3  
  35  4:50  Queen  
  40  4:54  Spore Crawler  
  39  5:03  Drone x3  
  42  5:08  Drone x2  
  42  5:09  Drone x3  
  42  5:12  Extractor  
  46  5:15  Extractor  
  46  5:16  Drone x2  
  47  5:23  Drone  
  47  5:27  Evolution Chamber  
  47  5:29  Evolution Chamber  
  46  5:37  Drone x2  
  46  5:40  Drone x2  
  46  5:41  Overlord x2  
  46  5:42  Glial Reconstitution  
  50  5:56  Zerg Missile Weapons Level 1  
  50  5:57  Zerg Ground Armor Level 1  
  50  5:59  Overlord x2  
  50  6:00  Roach x3  
  50  6:01  Roach  
  58  6:11  Roach x3  
  58  6:18  Roach x2  
  68  6:22  Roach  
  70  6:28  Roach x4  
  78  6:34  Ravager x4  
  78  6:36  Roach x3  
  88  6:40  Roach x2  
  92  7:14  Infestation Pit  
  91  7:16  Drone  
  92  7:25  Drone  
  92  7:27  Overlord x4  
  92  7:28  Hatchery  
  92  7:32  Drone  
  92  7:33  Drone x5  
  93  8:19  Roach x7  
  103  8:20  Roach x5  
  110  8:34  Ravager  
  110  8:36  Ravager  
Show
View Real Time Build Order
Export as new Build Order

MrFercho Zerg - Winner!

Build Orders: Hatch First 

Get SALT Encoding   

  12  0:01  Drone  
  13  0:14  Overlord  
  13  0:30  Drone  
  13  0:33  Drone x2  
  16  0:58  Hatchery  
  16  1:00  Drone  
  16  1:01  Drone  
  17  1:10  Drone  
  18  1:19  Spawning Pool  
  18  1:24  Drone x2  
  19  1:30  Extractor  
  18  1:35  Drone  
  19  1:45  Drone  
  20  1:56  Drone  
  21  2:14  Drone x2  
  23  2:25  Drone x2  
  23  2:26  Queen  
  23  2:28  Drone  
  28  2:34  Overlord  
  28  2:50  Overlord x2  
  28  2:52  Queen  
  30  3:00  Drone x2  
  30  3:01  Drone  
  33  3:07  Extractor  
  33  3:11  Extractor  
  31  3:20  Spine Crawler  
  24  3:38  Zergling x6  
  24  3:39  Zergling x6  
  28  3:47  Extractor  
  26  4:21  Drone  
  27  4:32  Drone x2  
  27  4:33  Drone x4  
  27  4:37  Hatchery  
  32  4:48  Drone  
  32  4:50  Metabolic Boost  
  33  5:01  Drone  
  32  5:28  Lair  
  28  5:57  Queen  
  28  5:59  Drone x9  
  39  6:17  Drone x4  
  43  6:22  Overlord  
  43  6:48  Drone x5  
  48  7:05  Drone x4  
  48  7:06  Overlord  
  52  7:19  Hydralisk Den  
  52  7:21  Spire  
  50  7:26  Overseer  
  50  7:34  Hatchery  
  49  7:46  Zergling x4  
  49  7:47  Zergling x12  
  57  8:00  Hydralisk  
  57  8:02  Overlord x3  
  57  8:03  Overlord  
  51  8:16  Hydralisk x2  
  55  8:23  Overseer  
  55  8:28  Hydralisk  
  55  8:29  Hydralisk x3  
Show
View Real Time Build Order
Export as new Build Order

tigro Terran - Winner!

Build Orders:  

Get SALT Encoding   

  12  0:03  SCV  
  13  0:15  SCV  
  15  0:35  SCV  
  15  0:41  Supply Depot  
  15  0:42  Refinery  
  15  1:02  SCV  
  16  1:27  Barracks  
  16  1:36  Refinery  
  16  1:37  SCV  
  17  1:49  SCV  
  19  2:01  SCV  
  19  2:07  Supply Depot  
  19  2:13  SCV  
  20  2:16  Marine  
  21  2:25  SCV  
  22  2:30  Barracks  
  22  2:34  Marine  
  23  2:52  Marine  
  23  2:58  Factory  
  24  3:09  Marine  
  23  3:18  Marine  
  23  3:27  Marine  
  23  3:30  Command Center  
  24  3:35  Marine  
  24  3:45  Marine  
  24  3:49  Hellion  
  24  3:53  Marine  
  22  4:03  Marine  
  16  4:10  Hellion  
  16  4:11  Marine  
  19  4:20  Orbital Command  
  19  4:21  Marine  
  17  4:38  Factory Tech Lab  
  17  4:43  Barracks Tech Lab  
  17  4:45  Barracks Tech Lab  
  16  4:58  SCV  
  17  5:10  SCV  
  18  5:19  Engineering Bay  
  18  5:22  SCV  
  18  5:27  Refinery  
  19  5:29  SCV  
  19  5:34  SCV  
  21  5:42  SCV  
  22  5:46  SCV  
  23  5:58  Combat Shield  
  23  6:00  Stimpack  
  23  6:13  SCV  
  24  6:27  SCV  
  25  6:39  SCV  
  26  6:46  Siege Tank  
  29  6:48  SCV  
  30  7:00  Terran Infantry Weapons Level 1  
  30  7:07  SCV  
  31  7:15  Refinery  
  31  7:17  Marine  
  32  7:35  Marine x2  
  31  7:49  Hellion  
  23  7:53  Marine  
Tags
 
Add a new tag
Caveats
  • Supply blocks, unpowered buildings, or Contaminate may cause inaccurate times.
  • Supply counts are checked every 10 seconds.